[Event "Masterklassen 2025"]
[Site "Uppsala, Sweden"]
[Date "2025.06.30"]
[Round "3.15"]
[White "Darnell, Anton"]
[Black "Jaderberg, Bjorn"]
[Result "1-0"]
[TimeControl "90 min for 40 move + 30 min with an increment of 30 sec starting move 1"]
[WhiteFideId "1720244"]
[BlackFideId "1712403"]
[WhiteElo "2007"]
[BlackElo "2112"]

1. d4 e6 2. Bf4 f5 3. Nc3 Nf6 4. g4 d5 5. gxf5 exf5 6. Qd3 a6 7. h4 Be6 8. Nh3 Bd6 9. Rg1 Nh5 10.
Qe3 Qe7 11. Bxd6 Qxd6 12. Ng5 Kd7 13. Nxe6 Qxe6 14. Qf3 g6 15. Qxd5+ Qxd5 16. Nxd5 Kd6 17. Bg2 Nd7 18. c4 Rac8 19.
Bf3 c6 20. Bxh5 cxd5 21. c5+ Ke6 22. Bf3 Nf6 23. b4 Rhg8 24. Kd2 h6 25. e3 Ne4+ 26. Bxe4 dxe4 27. f4 exf3 28. Raf1 g5 29.
hxg5 hxg5 30. Rxf3 g4 31. Rf4 Rcd8 32. Kd3 Rh8 33. Rgf1 Rh5 34. a4 Rg8 35. e4 fxe4+ 36. Kxe4 Rg6 37.
Rg1 g3 38. Rg2 Rgg5 39. Kf3 Rh3 40. Rg4 Rxg4 41. Kxg4 Rh2 42. Kxg3 Rxg2+ 43. Kxg2 Kd5 44. b5 1-0

[Event "Masterklassen 2025"]
[Site "Uppsala, Sweden"]
[Date "2025.06.30"]
[Round "3.16"]
[White "Mardell, Jimmy"]
[Black "Schriever-Abeln, Marius"]
[Result "0-1"]
[TimeControl "90 min for 40 move + 30 min with an increment of 30 sec starting move 1"]
[WhiteFideId "1705610"]
[BlackFideId "1752650"]
[WhiteElo "2227"]
[BlackElo "2052"]

1. e4 c5 2. Nf3 d6 3. d4 cxd4 4. Nxd4 Nf6 5. Nc3 a6 6. Bd3 e5 7. Nde2 Be6 8. O-O Be7 9. Re1 O-O 10.
Ng3 Nbd7 11. Nf1 b5 12. Ne3 Nb6 13. a4 b4 14. Ncd5 Nbxd5 15. exd5 Bc8 16. a5 Ne8 17. Nc4 f5 18.
f4 e4 19. Bf1 Bf6 20. Be3 Nc7 21. Ra4 Rb8 22. Bb6 Qd7 23. Rxb4 Bb7 24. Ne3 g5 25. g3 gxf4 26. gxf4 Ba8 27.
Bh3 Bg7 28. c4 Rf6 29. Kh1 Qf7 30. Rb3 Kh8 31. Nxf5 Nxd5 32. Nxd6 Rxd6 33. cxd5 Bxd5 34. Rbe3 Bxb2 35. Bd4+ Bxd4 36.
Qxd4+ Qg7 37. Qc5 Rbd8 38. f5 Bb7 39. Qb4 Ba8 40. Bg2 Rd2 41. Rg3 Qe5 42. Qc3 Qxc3 43. Rxc3 R2d5 44. f6 Rf5 45.
Rce3 Re8 46. Bxe4 Rxe4 47. Rxe4 Rf4 48. Kg1 Bxe4 0-1

[Event "Masterklassen 2025"]
[Site "Uppsala, Sweden"]
[Date "2025.07.01"]
[Round "4.1"]
[White "Odell-Johansson, Leo"]
[Black "Cederstam, Carl"]
[Result "0-1"]
[TimeControl "90 min for 40 move + 30 min with an increment of 30 sec starting move 1"]
[BlackTitle "FM"]
[WhiteFideId "1722727"]
[BlackFideId "1713329"]
[WhiteElo "1991"]
[BlackElo "2316"]

1. c4 Nf6 2. Nc3 g6 3. g3 Bg7 4. Bg2 O-O 5. e4 d6 6. Nge2 c5 7. d3 Nc6 8. O-O Rb8 9. Rb1 a6 10.
a4 Bg4 11. f3 Bd7 12. Be3 Qc8 13. b3 Bh3 14. Qd2 Bxg2 15. Kxg2 Ne8 16. Bh6 Nc7 17. Bxg7 Kxg7 18. d4 cxd4 19.
Nxd4 Ne6 20. Nc2 Qd7 21. Ne3 Ned4 22. b4 e5 23. b5 Ne7 24. Nc2 Nxc2 25. Qxc2 Rbc8 26. Ne2 Qc7 27. Rfc1 Qc5 28.
Qd2 f5 29. exf5 Nxf5 30. Rb3 Rc7 31. Rd3 Rcf7 32. Nc3 Qxc4 33. Ne4 Qxa4 34. Ng5 Re7 35. Rxd6 Nd4 36. bxa6 bxa6 37. f4 Qe8 38.
fxe5 Nb3 39. Qc3 Nxc1 40. e6+ Kg8 41. Nf7 Rexf7 42. exf7+ Qxf7 43. Qxc1 a5 44. Qd2 Qf1# 0-1

[Event "Masterklassen 2025"]
[Site "Uppsala, Sweden"]
[Date "2025.07.01"]
[Round "4.2"]
[White "Crevatin, Leo"]
[Black "Jonsson, Jacob"]
[Result "1-0"]
[TimeControl "90 min for 40 move + 30 min with an increment of 30 sec starting move 1"]
[WhiteTitle "FM"]
[WhiteFideId "1726307"]
[BlackFideId "1726315"]
[WhiteElo "2248"]
[BlackElo "2112"]

1. d4 Nf6 2. c4 e6 3. Nf3 d5 4. g3 h6 5. Bg2 Bd6 6. O-O O-O 7. b3 b6 8. Bb2 Bb7 9. Nc3 Re8 10.
Rc1 Bf8 11. Ne5 Nbd7 12. cxd5 exd5 13. f4 c5 14. e3 Rc8 15. a3 Ba8 16. Re1 Rb8 17. Bf1 Nxe5 18. dxe5 Nh7 19. Bg2 d4 20.
exd4 Bxg2 21. Kxg2 cxd4 22. Ne4 Qd5 23. Qxd4 Qxb3 24. Re3 Qe6 25. Nd6 Re7 26. Rce1 Rc7 27. R1e2 Qd7 28. Rd2 Qc6+ 29.
Qe4 Qxe4+ 30. Rxe4 Be7 31. h4 Nf8 32. f5 Rd7 33. Rde2 Bxd6 34. exd6 f6 35. Bc1 h5 36. Bf4 Rc8 37.
Re7 Rcd8 38. Rc2 b5 39. Rc5 a6 40. Rc6 a5 41. Rb6 b4 42. axb4 axb4 43. Rxb4 Rc8 44. Kf3 Rcd8 45. Rc4 g6 46.
g4 hxg4+ 47. Kxg4 Ra8 48. Rc7 gxf5+ 49. Kxf5 Rxe7 50. dxe7 Nh7 51. Kg6 f5 52. Rd7 Ra6+ 53. Bd6 1-0

[Event "Masterklassen 2025"]
[Site "Uppsala, Sweden"]
[Date "2025.07.01"]
[Round "4.3"]
[White "Kingsley, Elias"]
[Black "Hammarstrom, Ulf"]
[Result "0-1"]
[TimeControl "90 min for 40 move + 30 min with an increment of 30 sec starting move 1"]
[WhiteFideId "1775006"]
[BlackFideId "1710214"]
[WhiteElo "2072"]
[BlackElo "2176"]

1. Nf3 Nf6 2. b3 c5 3. c4 Nc6 4. Bb2 d5 5. cxd5 Nxd5 6. g3 f6 7. Bg2 e5 8. d3 Be6 9. Nbd2 Be7 10.
a3 O-O 11. Qc2 Nd4 12. Qd1 Qd7 13. O-O Rac8 14. e3 Nc6 15. Qc2 Rfd8 16. Rfd1 Nc7 17. Ne4 Na5 18. Qc3 Nxb3 19. Rab1 0-1

[Event "Masterklassen 2025"]
[Site "Uppsala, Sweden"]
[Date "2025.07.01"]
[Round "4.4"]
[White "Johnson, Daniel"]
[Black "Dingertz, Erik"]
[Result "1/2-1/2"]
[TimeControl "90 min for 40 move + 30 min with an increment of 30 sec starting move 1"]
[WhiteFideId "1721283"]
[BlackFideId "1741578"]
[WhiteElo "2175"]
[BlackElo "2121"]

1. d4 Nf6 2. c4 e6 3. Nc3 d5 4. cxd5 exd5 5. Bg5 c6 6. e3 h6 7. Bh4 Be7 8. Qc2 O-O 9. Bd3 Ne8 10.
Bxe7 Qxe7 11. Nxd5 cxd5 12. Qxc8 Nc6 13. Qf5 Qb4+ 14. Kf1 Nf6 15. g4 Ne7 16. Qf3 Qxb2 17. Rd1 Rac8 18. Ne2 Ne4 19.
Bxe4 dxe4 20. Qxe4 Rc2 21. Re1 Nc6 22. h4 Na5 23. g5 Nc4 24. Qd3 h5 25. Kg2 Re8 26. e4 b5 27. Qf3 Nd2 28.
Qxh5 Nxe4 29. Qf3 Nd2 30. Qf5 Nc4 31. Ng3 Ne3+ 32. Rxe3 Rxe3 33. h5 Rcc3 34. Rh3 Rf3 35. Qxf3 Rxf3 36.
Kxf3 Qxd4 37. h6 Qd5+ 38. Kf4 Qd2+ 39. Kf3 gxh6 40. gxh6 Kh7 41. Ne4 Qxa2 42. Nf6+ Kg6 43. Kg2 Kxf6 44.
h7 Qd5+ 45. Kg1 Qd1+ 46. Kh2 Qd6+ 47. Kg1 Qd1+ 48. Kh2 Qd6+ 49. Kg1 1/2-1/2

[Event "Masterklassen 2025"]
[Site "Uppsala, Sweden"]
[Date "2025.07.01"]
[Round "4.5"]
[White "Nygren, David"]
[Black "Eriksson, Jorgen"]
[Result "0-1"]
[TimeControl "90 min for 40 move + 30 min with an increment of 30 sec starting move 1"]
[WhiteFideId "1704761"]
[BlackFideId "1701967"]
[WhiteElo "2094"]
[BlackElo "2160"]

1. e4 c5 2. c3 d5 3. Na3 e6 4. d3 Nc6 5. Nf3 Nf6 6. Bf4 a6 7. Qe2 Be7 8. g4 c4 9. e5 cxd3 10.
Qxd3 Ne4 11. Nd2 Qb6 12. Nxe4 Qxb2 13. Nc2 dxe4 14. Qxe4 Qxc3+ 15. Kd1 g5 16. Bg3 Nb4 17. Rc1 Nxa2 18.
Qa4+ Bd7 19. Qxa2 Bc6 0-1

[Event "Masterklassen 2025"]
[Site "Uppsala, Sweden"]
[Date "2025.07.01"]
[Round "4.6"]
[White "Malm, Simon"]
[Black "Muntean, Victor"]
[Result "0-1"]
[TimeControl "90 min for 40 move + 30 min with an increment of 30 sec starting move 1"]
[WhiteFideId "1759825"]
[BlackFideId "1054414"]
[WhiteElo "2007"]
[BlackElo "2140"]

1. d4 d6 2. c4 e5 3. d5 f5 4. Nc3 Nf6 5. e4 Nxe4 6. Nxe4 fxe4 7. Ne2 Bf5 8. Ng3 Bg6 9. h4 Qd7 10.
Be2 h5 11. Nxh5 Na6 12. Bg4 Bf5 13. Bxf5 Qxf5 14. Ng3 Qd7 15. Nxe4 Be7 16. Be3 O-O-O 17. g3 Qf5 18. Qc2 Qf3 19.
Rg1 Qg4 20. Rf1 Rdf8 21. a3 g5 22. hxg5 Rh2 23. b4 Rf3 24. Qd3 Bxg5 25. Nxg5 Qxg5 26. O-O-O Qg4 27. Rh1 Rhxf2 28. Rh4 Qg7 29.
Rdh1 e4 30. Rh8+ Rf8 31. Rxf8+ Rxf8 32. Qxe4 Qa1+ 33. Kd2 Qxa3 34. Qe6+ Kb8 35. Qe7 Qb2+ 36. Kd1 Rc8 37. Rh4 Nxb4 38.
Qe4 Na2 39. Qc2 Qa1+ 40. Kd2 Re8 41. Bxa7+ Ka8 42. Bf2 Nb4 43. Qb3 Qa5 44. Kd1 Na2 45. Rh1 Nc3+ 46. Kc1 Qa1+ 47. Kd2 Qxh1 48.
Qxc3 Qg2 49. Qd4 b6 50. c5 Rf8 51. Ke2 Qf3+ 52. Kf1 dxc5 53. Qa4+ Kb8 54. Qa2 Rh8 0-1

[Event "Masterklassen 2025"]
[Site "Uppsala, Sweden"]
[Date "2025.07.01"]
[Round "4.7"]
[White "Hagevi, Vidar"]
[Black "Wakeham, Daniel"]
[Result "1-0"]
[TimeControl "90 min for 40 move + 30 min with an increment of 30 sec starting move 1"]
[WhiteFideId "1767526"]
[BlackFideId "1705482"]
[WhiteElo "2139"]
[BlackElo "2045"]

1. d4 Nf6 2. c4 e6 3. Nf3 b6 4. g3 Bb7 5. Bg2 Be7 6. O-O O-O 7. Re1 d6 8. Nc3 Ne4 9. Qc2 f5 10.
Nd2 d5 11. Ndxe4 fxe4 12. Bf4 Nc6 13. Red1 Bf6 14. e3 Nb4 15. Qb3 Nd3 16. cxd5 Nxf4 17. gxf4 exd5 18. Nxe4 Be7 19. Rac1 c6 20.
Ng3 Bd6 21. a4 Kh8 22. a5 Rc8 23. Bh3 Rb8 24. a6 Bc8 25. Bg2 Bd7 26. Qd3 b5 27. Nf1 Rb6 28. Nd2 g5 29. e4 Bxf4 30.
exd5 cxd5 31. Rc5 Qe8 32. Nf1 Rxa6 33. Rxd5 Bc6 34. Rc5 Bxg2 35. Kxg2 Rb6 36. Ng3 a6 37. b4 Rbf6 38. Rc2 Bd6 39. d5 Kg8 40. Ne4 Rh6 41.
Nxd6 Rxd6 42. Rc7 Rf7 43. Rdc1 Kg7 44. Qd4+ Kg6 45. R1c6 Rdf6 46. Rxf6+ Rxf6 47. Qd3+ Kh5 48. Qh3+ 1-0

[Event "Masterklassen 2025"]
[Site "Uppsala, Sweden"]
[Date "2025.07.01"]
[Round "4.8"]
[White "Karde, Douglas"]
[Black "Mashhadi, Peyman"]
[Result "0-1"]
[TimeControl "90 min for 40 move + 30 min with an increment of 30 sec starting move 1"]
[WhiteFideId "1761498"]
[BlackFideId "1768581"]
[WhiteElo "2064"]
[BlackElo "2132"]

1. e4 e6 2. d3 d5 3. Nd2 Nf6 4. Ngf3 Be7 5. g3 O-O 6. Bg2 c5 7. O-O Nc6 8. e5 Nd7 9. Re1 b5 10.
a4 b4 11. Nf1 Re8 12. h4 Ba6 13. h5 h6 14. N1h2 Rc8 15. Ng4 Bf8 16. Nh4 Nd4 17. c3 bxc3 18. bxc3 Nf5 19. Nxf5 exf5 20.
Ne3 Nxe5 21. Nxd5 Nxd3 22. Rxe8 Qxe8 23. Bxh6 Qe5 24. Bf4 Nxf4 25. Nxf4 Qxc3 26. Bd5 Qf6 27. Rc1 c4 28. Qe2 Ba3 29.
Re1 Bb4 30. Rb1 c3 31. Qc2 Ba3 32. Ng6 Rd8 33. Re1 Kh7 34. Nf4 Bd6 35. Nh3 Kh8 36. Bxf7 Qxf7 37. h6 Qf6 0-1

[Event "Masterklassen 2025"]
[Site "Uppsala, Sweden"]
[Date "2025.07.01"]
[Round "4.9"]
[White "Eklund, Joel"]
[Black "Granath, Jonas"]
[Result "1/2-1/2"]
[TimeControl "90 min for 40 move + 30 min with an increment of 30 sec starting move 1"]
[WhiteFideId "1705288"]
[BlackFideId "1761013"]
[WhiteElo "2194"]
[BlackElo "2008"]

1. c4 e6 2. g3 d5 3. Bg2 dxc4 4. Nf3 Nf6 5. Qa4+ Nbd7 6. Qxc4 a6 7. Qc2 c5 8. O-O Be7 9. d4 O-O 10.
Rd1 Qc7 11. Bf4 Bd6 12. Bxd6 Qxd6 13. Na3 b5 14. dxc5 Qxc5 15. Qxc5 Nxc5 16. Rac1 Nce4 17. Ng5 Bb7 18. Rd4 Rac8 19.
Rc2 Rxc2 20. Nxc2 Nc5 21. b4 Bxg2 22. Kxg2 Nb7 23. Kf3 Rc8 24. Ne3 Kf8 25. Ng4 Nxg4 26. Kxg4 Ke7 27. Nxf7 Kxf7 28.
Rd7+ Kf6 29. Rxb7 Rc4+ 30. f4 Rxb4 31. Rb6 Ra4 32. e4 Rxe4 33. Rxa6 g6 34. Kf3 Rc4 35. Ra5 Rc2 36. g4 Rc3+ 37.
Ke4 Rc4+ 38. Ke3 Rc3+ 39. Ke4 Rc4+ 40. Kf3 Rc3+ 41. Kf2 Rc5 42. Kg3 h6 43. h4 Rc3+ 44. Kf2 Rc2+ 45. Ke3 Rc3+ 46.
Kd2 Rc5 47. Ra7 g5 48. hxg5+ 1/2-1/2

[Event "Masterklassen 2025"]
[Site "Uppsala, Sweden"]
[Date "2025.07.01"]
[Round "4.10"]
[White "Walinder, Lars"]
[Black "Lundberg, David"]
[Result "1-0"]
[TimeControl "90 min for 40 move + 30 min with an increment of 30 sec starting move 1"]
[WhiteTitle "FM"]
[WhiteFideId "1707329"]
[BlackFideId "1707051"]
[WhiteElo "2181"]
[BlackElo "2193"]

1. c4 c5 2. Nf3 Nc6 3. d4 cxd4 4. Nxd4 Nf6 5. Nc3 e6 6. a3 Be7 7. e4 O-O 8. Nf3 b6 9. Be2 Bb7 10.
O-O Rc8 11. Bg5 h6 12. Bh4 Nxe4 13. Nxe4 Bxh4 14. Nd6 Rb8 15. Nxh4 Qxh4 16. Bf3 Ba8 17. Re1 Rfd8 18. Rc1 Ne7 19.
Bxa8 Rxa8 20. Nb7 Re8 21. Qd5 d6 22. Qxd6 Rac8 23. Qd7 Nf5 24. b4 Qg5 25. c5 Qf6 26. Rc3 bxc5 27. Rd3 Qb2 28. bxc5 Kh7 29. Red1 Qb4 30. c6 Qb6 31. Rc1 Qc7 32. Rdd1 h5 33. Qd3 Re7 34. h3 h4 35.
Qe4 Kg8 36. a4 Qb6 37. a5 Qa6 38. Rc5 Rec7 39. Nd8 g6 40. Nxe6 fxe6 41. Qxe6+ Kh7 42. Rd7+ Kh6 43. Rxf5 Rxd7 44.
Qe3+ Kh7 45. cxd7 gxf5 46. dxc8=Q Qxc8 47. Qxa7+ Kg8 48. Qe3 Qc2 49. Qf4 Kf7 50. a6 Ke6 51. a7 1-0

[Event "Masterklassen 2025"]
[Site "Uppsala, Sweden"]
[Date "2025.07.01"]
[Round "4.11"]
[White "Sundin, Emanuel"]
[Black "Soppela, Toni"]
[Result "1/2-1/2"]
[TimeControl "90 min for 40 move + 30 min with an increment of 30 sec starting move 1"]
[WhiteFideId "1719173"]
[BlackFideId "1766163"]
[WhiteElo "2117"]
[BlackElo "2090"]

1. e4 e5 2. Nf3 Nc6 3. Bc4 Bc5 4. c3 Nf6 5. d4 exd4 6. e5 d5 7. Bb5 Ne4 8. cxd4 Bb6 9. Nc3 O-O 10.
Be3 Bg4 11. h3 Bh5 12. Qc2 Nxc3 13. bxc3 Bg6 14. Bd3 Bxd3 15. Qxd3 f6 16. exf6 Qxf6 17. O-O Rae8 18. a4 h6 19.
Kh1 Qe6 20. Bd2 Qe2 21. Qxe2 Rxe2 22. Rae1 Rfe8 23. g4 Rxe1 24. Rxe1 Rxe1+ 25. Bxe1 Kf7 26. Kg2 Ke6 1/2-1/2

[Event "Masterklassen 2025"]
[Site "Uppsala, Sweden"]
[Date "2025.07.01"]
[Round "4.12"]
[White "Tornberg, Carlos"]
[Black "Darnell, Anton"]
[Result "1-0"]
[TimeControl "90 min for 40 move + 30 min with an increment of 30 sec starting move 1"]
[WhiteFideId "1733478"]
[BlackFideId "1720244"]
[WhiteElo "2233"]
[BlackElo "2007"]

1. e4 e5 2. Nf3 Nc6 3. Nc3 Nf6 4. h3 h6 5. Bb5 Bd6 6. d4 Nxd4 7. Nxd4 exd4 8. Qxd4 Qe7 9. f4 c6 10. Be2 Bc5 11. Qd3 d6 12.
Be3 Bxe3 13. Qxe3 Bf5 14. Bd3 d5 15. e5 Bxd3 16. cxd3 Nd7 17. O-O-O b5 18. d4 Nb6 19. g4 a5 20.
f5 a4 21. Rd3 Nc4 22. Qf2 b4 23. f6 Qf8 24. fxg7 Qxg7 25. Ne2 b3 26. a3 O-O 27. Nf4 Rae8 28. h4 f6 29. e6 Kh8 30.
Rg1 Nd6 31. Qe3 Ne4 32. h5 Kh7 33. Ng6 Rxe6 34. Nxf8+ Qxf8 35. Qf4 Qe8 36. Re3 c5 37. dxc5 Qc6 38. Kb1 d4 39. Qf5+ Kh8 40. Rd3 Re5 41.
Qg6 Qxc5 42. Rc1 Nc3+ 43. bxc3 b2 44. Rf1 Qxa3 45. Qxh6+ Kg8 46. Qg6+ Kh8 47. Qxf6+ Kg8 48. Qf7+ 1-0

[Event "Masterklassen 2025"]
[Site "Uppsala, Sweden"]
[Date "2025.07.01"]
[Round "4.13"]
[White "Stanley, Mikael"]
[Black "Ostensson, Julia"]
[Result "0-1"]
[TimeControl "90 min for 40 move + 30 min with an increment of 30 sec starting move 1"]
[WhiteFideId "1703730"]
[BlackFideId "1747703"]
[WhiteElo "2150"]
[BlackElo "2005"]

1. e4 d6 2. d4 Nf6 3. Nc3 e5 4. Nf3 Nbd7 5. Bc4 Be7 6. O-O c6 7. a4 O-O 8. Ba2 exd4 9. Qxd4 Nc5 10.
b4 Ne6 11. Qc4 a5 12. Ba3 Nf4 13. bxa5 d5 14. Bxe7 Qxe7 15. exd5 N6xd5 16. Rfe1 Qf6 17. Nxd5 Nxd5 18. Qc5 Qc3 19.
Qxc3 Nxc3 20. Re5 Nxa2 21. Rxa2 f6 22. Rc5 Rd8 23. Kf1 Rd5 24. Rxd5 cxd5 25. Nd4 Rxa5 26. Nb3 Ra6 27. a5 Kf7 28.
Ke2 Ke7 29. Kd3 Kd6 30. Kd4 Rc6 31. Nd2 Bf5 32. c3 Kc7 33. h4 Ra6 34. Nb3 Kd6 35. Nc5 Ra7 36. Rb2 Kc7 37. Kxd5 Bc8 38.
Rb5 Bd7 39. Rb6 Bc6+ 40. Kd4 Rxa5 41. Rb2 Bxg2 42. Ne6+ Kc6 43. Nxg7 Rd5+ 44. Ke3 Rc5 45. Rb3 b5 46. Ra3 Kd6 47.
Kf4 Bh3 48. h5 Bd7 49. h6 Rc4+ 50. Kf3 Rh4 51. Ra6+ Ke5 52. Ra7 Bc6+ 53. Kg3 Rxh6 54. f4+ Ke4 55. f5 Rh1 56. Ne6 Bd5 57.
Nf4 Bc4 58. Re7+ Kxf5 59. Nh3 Rc1 60. Re3 Rd1 61. Nf2 Rg1+ 62. Kh2 Rf1 63. Kg3 h5 64. Nh3 Bd5 65. Rd3 Be4 66. Re3 Ke5 67.
Kh4 Rh1 68. Kg3 Rf1 69. Re2 Rf3+ 70. Kh4 Rxc3 71. Nf2 f5 72. Kxh5 b4 73. Nd1 Rc1 74. Nb2 Kd4 75. Kg5 b3 76.
Kf4 Rc2 0-1

[Event "Masterklassen 2025"]
[Site "Uppsala, Sweden"]
[Date "2025.07.01"]
[Round "4.14"]
[White "Lind, Jan-Olov"]
[Black "Sergelenbaatar, Khaschuluu"]
[Result "1-0"]
[TimeControl "90 min for 40 move + 30 min with an increment of 30 sec starting move 1"]
[WhiteFideId "1701193"]
[BlackFideId "4920929"]
[WhiteElo "2057"]
[BlackElo "1996"]

1. e4 c6 2. d4 d5 3. exd5 cxd5 4. c4 Nf6 5. Nc3 g6 6. Qb3 Bg7 7. cxd5 O-O 8. Be2 Nbd7 9. Bf3 Nb6 10.
Nge2 a5 11. a4 Bf5 12. O-O Bd3 13. d6 Qxd6 14. Bxb7 Rab8 15. Bf3 Bc4 16. Qc2 Nbd5 17. Nxd5 Bxd5 18. Bf4 Qb6 19. Bxd5 Nxd5 20.
Bxb8 Rxb8 21. Rab1 h5 22. Qe4 Nf6 23. Qf3 g5 24. Rfc1 g4 25. Qc6 Qb4 26. Qc4 Qd2 27. Rc2 Qg5 28.
Qc7 Rb3 29. Qc8+ Kh7 30. Qc4 Rb4 31. Qxf7 h4 32. Qxe7 Qf5 33. Rbc1 h3 34. Qe5 Qd3 35. Nf4 Qxd4 36. Qf5+ Kh8 37.
Rc8+ Qd8 38. Rxd8+ Ng8 39. Ng6+ Kh7 40. Nf8+ Kh8 41. Qh7# 1-0

[Event "Masterklassen 2025"]
[Site "Uppsala, Sweden"]
[Date "2025.07.01"]
[Round "4.15"]
[White "Schriever-Abeln, Marius"]
[Black "Willstedt, Lukas"]
[Result "0-1"]
[TimeControl "90 min for 40 move + 30 min with an increment of 30 sec starting move 1"]
[WhiteFideId "1752650"]
[BlackFideId "1751913"]
[WhiteElo "2052"]
[BlackElo "2055"]

1. Nf3 d5 2. g3 Nd7 3. d4 Nb6 4. Bg2 Bf5 5. O-O e6 6. Nbd2 Nf6 7. b3 Bb4 8. Bb2 O-O 9. c3 Be7 10.
Nh4 Bg4 11. h3 Bh5 12. g4 Nfd7 13. gxh5 Bxh4 14. e4 dxe4 15. Nxe4 h6 16. c4 c6 17. Qe2 Be7 18. Rad1 Qc7 19.
d5 cxd5 20. Qg4 e5 21. cxd5 f5 22. Qg6 Bh4 23. Rc1 Qd8 24. Qe6+ Kh7 25. Ba3 fxe4 26. Bxe4+ Kh8 27. Bxf8 Qg5+ 28.
Qg4 Rxf8 29. Rc7 Nf6 30. Qxg5 Bxg5 31. Bg6 Nfxd5 32. Rxb7 a5 33. Ra7 Bd2 34. Rd1 Bc3 35. Be4 Nf4 36.
Kh2 Nxh5 37. f3 Nf6 38. Rd6 Nxe4 39. fxe4 Nc8 40. Ra8 Nxd6 41. Rxf8+ Kh7 42. Rf3 Bd4 43. a3 Nxe4 44. b4 axb4 45.
axb4 Nd6 46. Rb3 Nb5 47. Kg3 Kg6 48. Kf3 Kf5 49. Ke2 e4 50. Ke1 e3 51. Ke2 Ke4 52. h4 g5 0-1

[Event "Masterklassen 2025"]
[Site "Uppsala, Sweden"]
[Date "2025.07.01"]
[Round "4.16"]
[White "Ask, Josef"]
[Black "Johansson, William"]
[Result "1/2-1/2"]
[TimeControl "90 min for 40 move + 30 min with an increment of 30 sec starting move 1"]
[WhiteTitle "FM"]
[WhiteFideId "1704583"]
[BlackFideId "1744070"]
[WhiteElo "2121"]
[BlackElo "2026"]

1. b3 b6 2. Bb2 Bb7 3. e3 e6 4. Nh3 c5 5. Nf4 Nf6 6. h4 Nc6 7. Na3 e5 8. Nh5 Nxh5 9. Qxh5 g6 10.
Qf3 Qe7 11. Bc4 a6 12. Bd5 b5 13. h5 Bg7 14. O-O-O O-O-O 15. h6 Bf6 16. c4 b4 17. Nc2 Rhe8 18. Rdf1 Rf8 19.
g4 Bh8 20. Rhg1 Kb8 21. g5 Ka7 22. Qe4 f5 23. gxf6 Bxf6 24. Ne1 Rc8 25. Nd3 d6 26. Rg4 Rc7 27. Rfg1 Qe8 28. f4 Re7 29. f5 gxf5 30. Qxf5 Bc8 31.
Qe4 Bxg4 32. Rxg4 Rc7 33. a3 a5 34. axb4 axb4 35. Kc2 Ne7 36. Rg1 Nxd5 37. Ra1+ Kb6 38. Qxd5 Qc6 39. Nxb4 cxb4 40.
Qa5+ Kb7 41. Qa7+ Kc8 42. Qa8+ Kd7 43. Qxf8 Qe4+ 44. Kd1 Qf3+ 45. Kc1 Qh1+ 46. Kc2 Qe4+ 47. Kd1 Qf3+ 48. Kc2 Qe4+ 49.
Kc1 Qh1+ 50. Kc2 Qe4+ 1/2-1/2

[Event "Masterklassen 2025"]
[Site "Uppsala, Sweden"]
[Date "2025.07.02"]
[Round "5.1"]
[White "Cederstam, Carl"]
[Black "Hammarstrom, Ulf"]
[Result "1/2-1/2"]
[TimeControl "90 min for 40 move + 30 min with an increment of 30 sec starting move 1"]
[WhiteTitle "FM"]
[WhiteFideId "1713329"]
[BlackFideId "1710214"]
[WhiteElo "2316"]
[BlackElo "2176"]

1. e4 c5 2. Nf3 d6 3. d4 cxd4 4.
Nxd4 Nf6 5. Nc3 Nc6 6. Bg5 g6 7. Bxf6 exf6 8. Bc4 Bg7 9. Ndb5 O-O 10. O-O f5 11. exf5 Bxf5 12. Nxd6 Bxc3 13.
Nxf5 Bxb2 14. Rb1 gxf5 15. Rxb2 Qxd1 16. Rxd1 Rad8 17. Bd3 b6 18. Rbb1 Rd5 19. Bc4 Rc5 20. Bb3 Na5 21. Rd7 Nxb3 22.
cxb3 Rfc8 23. g3 R8c7 24. Rbd1 Kg7 25. Kg2 Rxd7 26. Rxd7 a5 27. Rd6 Rb5 28. h4 Rb4 29. Kf3 a4 30. bxa4 Rxa4 31. Rd2 Kf6 32. Rb2 b5 33.
Rxb5 Ra3+ 34. Kf4 Ra4+ 35. Kf3 Ra3+ 36. Rb3 Rxa2 37. Rb6+ Kg7 38. h5 h6 39. Ke3 Ra1 40. Kf4 Rh1 41. Kxf5 Rxh5+ 42. Ke4 Ra5 43. Rd6 Ra2 44.
f3 Ra4+ 45. Ke3 Ra3+ 46. Ke4 Ra4+ 47. Ke3 Ra3+ 48. Ke4 1/2-1/2

[Event "Masterklassen 2025"]
[Site "Uppsala, Sweden"]
[Date "2025.07.02"]
[Round "5.2"]
[White "Muntean, Victor"]
[Black "Crevatin, Leo"]
[Result "0-1"]
[TimeControl "90 min for 40 move + 30 min with an increment of 30 sec starting move 1"]
[BlackTitle "FM"]
[WhiteFideId "1054414"]
[BlackFideId "1726307"]
[WhiteElo "2140"]
[BlackElo "2248"]

1. e4 c6 2. Nf3 d5 3. exd5 cxd5 4. Ne5 a6 5. d4 Nc6 6. c3 Nxe5 7. dxe5 Bf5 8. Nd2 e6 9. Nb3 Bg6 10.
Nd4 Qd7 11. h4 h6 12. h5 Bh7 13. Be3 Rc8 14. g4 Bc5 15. Rg1 Ne7 16. Bh3 Nc6 17. g5 Bxd4 18. Bxd4 Nxd4 19. cxd4 hxg5 20.
Rxg5 Qe7 21. Rxg7 Qb4+ 22. Qd2 Qxd2+ 23. Kxd2 Rc2+ 24. Ke3 Rxb2 25. Rc1 Bc2 26. Rg2 Kd7 27. f3 Rc8 28. h6 Rxa2 29.
Rg7 Ke7 30. Bf1 Ra3+ 31. Kf4 Rxf3+ 32. Kxf3 Be4+ 33. Kf2 Rxc1 34. h7 Rc8 35. Be2 Rh8 36. Rg8 Rxh7 37. Rb8 Rh2+ 38. Ke3 Rh3+ 39. Kf4 Rb3 40. Kg5 Rb1 41.
Kf4 Bg6 42. Kg5 Rb2 43. Bf1 Kd7 0-1

[Event "Masterklassen 2025"]
[Site "Uppsala, Sweden"]
[Date "2025.07.02"]
[Round "5.3"]
[White "Eriksson, Jorgen"]
[Black "Hagevi, Vidar"]
[Result "1/2-1/2"]
[TimeControl "90 min for 40 move + 30 min with an increment of 30 sec starting move 1"]
[WhiteFideId "1701967"]
[BlackFideId "1767526"]
[WhiteElo "2160"]
[BlackElo "2139"]

1. d4 d5 2. Bf4 Nf6 3. e3 e6 4. Nd2 Bd6 5. Ngf3 O-O 6. Bd3 c5 7. Bg3 Qc7 8. dxc5 Qxc5 9. c4 Nc6 10.
a3 Bxg3 11. hxg3 dxc4 12. Qc2 h6 13. b4 Qe7 14. Bxc4 e5 15. Ne4 Bf5 16. Nxf6+ Qxf6 17. Qb2 Be4 18. Be2 Rfe8 19. O-O Rad8 20.
Rfd1 Bf5 21. Rxd8 Nxd8 22. Rd1 Bg4 23. Rd2 Nc6 24. Qc3 a6 25. a4 Rc8 26. Qb2 e4 27. Qxf6 gxf6 28. Nd4 Bxe2 29.
Rxe2 Nxd4 30. exd4 Rc1+ 31. Kh2 f5 32. b5 axb5 33. axb5 Rb1 34. g4 Rxb5 35. gxf5 Rxf5 36. Rxe4 Rxf2 37.
d5 Rd2 38. Rb4 Rxd5 39. Rxb7 Rd3 40. Rb6 Kg7 41. Ra6 Re3 42. Rb6 Re6 43. Rb5 Kg6 44. g3 Rf6 45. Kg2 Rf5 46. Rb4 Kg5 47.
Ra4 Rb5 48. Rc4 Rb2+ 49. Kf3 h5 50.
Ra4 Rb3+ 51. Kg2 Rb5 52. Rc4 Rf5 53. Ra4 Kg6 54.
Ra6+ f6 55. Ra4 Rb5 56. Kf3 Rb2 57. Ra5 Rb1 58. Rc5 Rf1+ 59. Kg2 Rf5 60. Rc4 Kg5 61. Rb4 Rd5 62.
Ra4 Rd8 63. Rb4 Rh8 64. Rb5+ f5 65. Rb4 Re8 66. Kf3 Re4 67.
Rb8 Re6 68. Rb4 Ra6 69. Rc4 Ra3+ 70. Kg2 Re3 71. Rc8 Re6 72. Kf3 Rg6 73. Ra8 Rg7 74. Rb8 Re7 75. Rg8+ Kf6 76. Rf8+ Kg6 77. Rg8+ Rg7 78. Rb8 Kg5 79. Ra8 Rg6 1/2-1/2

[Event "Masterklassen 2025"]
[Site "Uppsala, Sweden"]
[Date "2025.07.02"]
[Round "5.4"]
[White "Mashhadi, Peyman"]
[Black "Odell-Johansson, Leo"]
[Result "1-0"]
[TimeControl "90 min for 40 move + 30 min with an increment of 30 sec starting move 1"]
[WhiteFideId "1768581"]
[BlackFideId "1722727"]
[WhiteElo "2132"]
[BlackElo "1991"]

1. d4 d5 2. Nf3 Nf6 3. c4 e6 4. g3 Be7 5. Bg2 O-O 6. O-O dxc4 7. Ne5 Nc6 8. Bxc6 bxc6 9. Nxc6 Qe8 10.
Nxe7+ Qxe7 11. Qa4 e5 12. dxe5 Qxe5 13. Nc3 Be6 14. Bf4 Qc5 15. Rad1 a6 16. Rd2 Rfe8 17. Rfd1 h6 18. Rd4 Qb6 19.
R1d2 Qb7 20. Qa5 Rec8 21. Qe5 c5 22. Rd6 Ne8 23. Rxe6 fxe6 24. Qxe6+ Qf7 25. Qb6 Nf6 26. e4 Qe8 27.
Rd6 Rcb8 28. Qxc5 Rxb2 29. e5 Nh5 30. Qd5+ Kh8 31. Be3 g5 32. Rxh6+ Kg7 33. Rd6 g4 34. Rd7+ Kh8 35. e6 Qg6 36.
Qxa8+ 1-0